 Dungeon Crawl Stone Soup version 0.32-a0-163-g159c032296 (webtiles) character file.

Game seed: 5164320615768707103

97 dialectric the Trooper (level 4, 0/35 HPs)
             Began as a Demonspawn Fighter on Feb 12, 2024.
             Was an Initiate of Gozag.
             Slain by a gnoll
             ... wielding a +0 whip
              (3 damage)
             ... on level 3 of the Dungeon.
             The game lasted 00:01:49 (1834 turns).

dialectric the Trooper (Demonspawn Fighter)         Turns: 1834, Time: 00:01:49

Health: 0/35       AC:  6    Str: 19    XL:     4   Next: 42%
Magic:  4/4        EV: 10    Int:  8    God:    Gozag
Gold:   71         SH:  0    Dex: 12    Spells: 3/3 levels left

rFire   . . .        a - +0 trident
rCold   . . .        (no shield)
rNeg    . . .        b - +0 scale mail
rPois   .            (helmet restricted)
rElec   .            (no cloak)
rCorr   .            (no gloves)
SInv    .            (no boots)
Will    .....        (no amulet) Stlth
                     (no ring)
HPRegen 0.25/turn    (no ring)
MPRegen 0.09/turn

%: no passive effects
@: gold aura
A: horns 1, foul stench 1
a: Renounce Religion, Potion Petition, Call Merchant, Bribe Branch


You were on level 3 of the Dungeon.
You worshipped Gozag.
Gozag was noncommittal.
You visited 1 branch of the dungeon, and saw 3 of its levels.

You collected 123 gold pieces.
You spent 52 gold pieces at shops.

Inventory:

Hand Weapons
 a - a +0 trident (weapon)
Armour
 b - a +0 scale mail (worn)
 c - a +0 buckler
Jewellery
 f - an amulet of magic regeneration
Scrolls
 e - a scroll of enchant armour {unknown}
 g - 5 scrolls of identify {unknown}
 h - a scroll of teleportation {unknown}
 j - a scroll of fear
 n - 2 scrolls of revelation {unknown}
 o - a scroll of torment {unknown}
 p - a scroll of amnesia {unknown}
Potions
 d - a potion of degeneration {unknown}
 i - a potion of brilliance {unknown}
 k - a potion of haste {unknown}
 l - a potion of curing {unknown}
 m - a potion of berserk rage {unknown}


   Skills:
 + Level 3.5 Fighting
 + Level 2.3 Polearms
 + Level 3.0 Armour
 * Level 2.0 Dodging
 + Level 3.1 Shields


You had 3 spell levels left.
You didn't know any spells.
Your spell library was empty.

Dungeon Overview and Level Annotations

Branches:
Dungeon (3/15)

Altars:
Gozag

Shops:
D:1 ?


Innate Abilities, Weirdness & Mutations

You have a pair of small horns on your head.
You may rarely emit foul miasma when damaged in melee.


Message History

Found a stone staircase leading down.
No target in view!
No target in view!
No target in view!
Found a stone staircase leading up.
No target in view!
A gnoll comes into view. It is wielding a +0 club.
A gnoll comes into view. It is wielding a +0 whip.
The gnoll shouts!
You hear a shout!
A gnoll comes into view. It is wielding a +1 vampiric whip.
There are monsters nearby!
There are monsters nearby!
You reach to attack!
You puncture the gnoll!
The gnoll is severely wounded.
A gnoll comes into view. It is wielding a +3 halberd.
The gnoll shouts!
You puncture the gnoll!
You kill the gnoll!
Your Dodging skill increases to level 2!
You reach to attack!
You barely miss the gnoll. You hit the gnoll. Your headbutt misses the gnoll.
The gnoll is moderately wounded.
The gnoll hits you with a +0 whip.
You hit the gnoll but do no damage.
The gnoll is moderately wounded.
The gnoll barely misses you.
You closely miss the gnoll.
The gnoll is moderately wounded.
The gnoll hits you from afar with a +3 halberd!
The gnoll hits you but does no damage. The gnoll completely misses you.
You hit the gnoll.
The gnoll is heavily wounded.
The gnoll hits you from afar with a +3 halberd!
The gnoll hits you but does no damage. The gnoll closely misses you.
The gnoll hits you from afar with a +3 halberd!
* * * LOW HITPOINT WARNING * * *
The gnoll barely misses you. x2
The gnoll attacks as it pursues you! The gnoll hits you with a +0 whip.
You die...
Your body crumbles into a pile of gold.

#### .... ###
.#..# #.. ...
....# #...#.#
#.#.# #...#.#
#...# #...g.#
#...# #g# #...#
#@# #...#######
#.# ##.........
#.# .........# #.#
.#..###<.# #.#
....#....#######.#
.##..#...........#
.####..>...#####.#
.# #..###.#####.#


You could see 2 gnolls.

Vanquished Creatures
  A gnoll (D:3)
  4 adders
  A dart slug (D:3)
  6 endoplasms
  A giant cockroach (D:3)
  4 goblins
  3 hobgoblins
  2 quokkas
  10 ball pythons
  4 bats
  3 frilled lizards
  7 kobolds
  3 rats
49 creatures vanquished.

Notes
Turn   | Place    | Note
-------+----------+-------------------------------------------
     0 | D:1      | dialectric the Demonspawn Fighter began the quest for the
                  | Orb.
     0 | D:1      | Reached XP level 1. HP: 18/18 MP: 1/1
   176 | D:1      | Gained mutation: You have a pair of small horns on your
                  | head. [demonic ancestry]
   176 | D:1      | Reached XP level 2. HP: 15/24 MP: 2/2
   188 | D:1      | Reached skill level 1 in Dodging
   264 | D:1      | Found Adaeres's Magic Scroll Boutique.
   492 | D:1      | Bought a scroll of fear for 52 gold pieces
   553 | D:2      | Gained mutation: You may rarely emit foul miasma when
                  | damaged in melee. [demonic ancestry]
   553 | D:2      | Reached XP level 3. HP: 25/29 MP: 3/3
  1393 | D:3      | Reached XP level 4. HP: 26/35 MP: 4/4
  1570 | D:3      | Found a faded altar of an unknown god.
  1600 | D:3      | Prayed at the altar of an unknown god.
  1600 | D:3      | Became a worshipper of Gozag Ym Sagoz the Greedy
  1834 | D:3      | Slain by a gnoll

Illustrated notes

Levels and vault maps discovered:
D:1:      dpeg_arrival_lava_temple_mockup, layout_rooms, serial_shops,
          shop_fountains, minmay_heptomino_h4
D:2:      layout_basic
D:3:      layout_loops_ring, nicolae_ecumenical_snake_handling,
          minmay_pentomino_pile

Skill      XL: |  1  2  3  4 |
---------------+-------------+-----
Dodging        | 1 2 |  2.0
Polearms       | 2 |  2.3
Shields        | 3 |  3.1
Armour         | 3 |  3.0
Fighting       | |  3.5

Action                     |  1- 3 |  4- 6 || total
---------------------------+-------+-------++-------
  Melee: Trident           |   109 |    50 ||   159
         Headbutt          |     9 |     3 ||    12
    Use: Potion            |     1 |       ||     1
 Armour: Scale mail        |    72 |    38 ||   110
  Dodge: Dodged            |    46 |    27 ||    73

Table legend: (Time is in decaauts)
 A = Elapsed time spent in this place.
 B = Non-inter-level travel time spent in this place.
 C = Inter-level travel time spent in this place.
 D = Time resting spent in this place.
 E = Time spent auto-exploring this place.
 F = Levels seen in this place.
 G = Mean time per level.
                   A        B        C        D        E       F      G
               +--------+--------+--------+--------+--------+-----+--------+
         Total |   1865 |   1767 |     98 |      0 |   1431 |   3 |  621.7 |
       Dungeon |   1865 |   1767 |     98 |      0 |   1431 |   3 |  621.7 |
               +--------+--------+--------+--------+--------+-----+--------+

Top non-repeatable levels by time:
     D:2: 842 daAuts
     D:1: 519 daAuts
     D:3: 502 daAuts
